 Dungeon Crawl Stone Soup version 0.17.0-22-g5edae84 (webtiles) character file.

74 JudasIscariot the Skirmisher (level 4, -1/36 HPs)
             Began as a Demonspawn Fighter on Nov 12, 2015.
             Succumbed to Ijyb's poison
             ... on level 2 of the Dungeon.
             The game lasted 00:03:33 (976 turns).

JudasIscariot the Skirmisher (Demonspawn Fighter)    Turns: 976, Time: 00:03:33

Health: -1/36      AC:  6    Str: 17    XL:     4   Next: 9%
Magic:  4/4        EV:  7    Int: 10    God:
Gold:   62         SH:  9    Dex: 12    Spells: 0 memorised, 3 levels left

rFire  . . .     SeeInvis .     a - +0 flail
rCold  . . .     Clarity  .     b - +0 scale mail
rNeg   . . .     SustAt   .     c - +0 shield
rPois  .         Gourm    .     (no helmet)
rElec  .         Spirit   +     (no cloak)
rCorr  .         Warding  .     (no gloves)
rMut   .         Stasis   .     (no boots)
MR     .....                    (no amulet)
Stlth  ..........               (no ring)
                                (no ring)

@: lethally poisoned (-1 -> -32), not resistant to hostile enchantments,
extremely unstealthy
A: talons 1, magic shield, magic regeneration
a: no special abilities


You were on level 2 of the Dungeon.
You were not hungry.

You visited 1 branch of the dungeon, and saw 2 of its levels.

You collected 62 gold pieces.

Inventory:

Hand Weapons
 a - a +0 flail (weapon)
 l - a +0 club
Armour
 b - a +0 scale mail (worn)
 c - a +0 shield (worn)
Scrolls
 g - 3 scrolls of identify {unknown}
 i - 2 scrolls of teleportation {unknown}
 j - 2 scrolls of remove curse {unknown}
 k - a scroll of magic mapping {unknown}
Potions
 d - a potion of might
Comestibles
 e - 2 bread rations
 f - a chunk of flesh
 h - 4 fruits


   Skills:
 * Level 3.6 Fighting
 * Level 2.0 Maces & Flails
 * Level 3.4 Armour
 + Level 0.6 Dodging
 + Level 3.1 Shields


You had 3 spell levels left.
You didn't know any spells.

Dungeon Overview and Level Annotations

Branches:
Dungeon (2/15)

Altars:
Cheibriados

Annotations:
D:2 Ijyb


Innate Abilities, Weirdness & Mutations

You have sharp toenails.
When hurt, damage is shared between your health and your magic reserves.
You regenerate magic rapidly.


Message History

The hobgoblin hits you but does no damage.
Ijyb hits you but does no damage.
You are more poisoned.
You barely miss Ijyb.
Ijyb is moderately wounded.
* * * LOW HITPOINT WARNING * * *
You feel very sick. You block Ijyb's attack.
You hit Ijyb.
Ijyb is heavily wounded.
* * * LOW HITPOINT WARNING * * *
You feel very sick.
The hobgoblin hits you but does no damage.
You block Ijyb's attack. You block the goblin's attack.
The hobgoblin closely misses you. Ijyb hits you with a dagger of venom.
* * * LOW HITPOINT WARNING * * *
You are more poisoned.
You closely miss Ijyb. You claw Ijyb.
Ijyb is heavily wounded.
You die...

...
###..##......###..... ..
####........#........#
..........####.>.....# #
#..........##..#.†...#
..#....(........###.....
.........†.......###....
......#....†..##.###....
......#g................
......g@...[.....###....
......#g.....#.....#....
..... #.................
.... #......###........
..# ....?...# ##.#.....
. ..#......# #..<....
###......# ##......
######## #.......
#.......


You could see Ijyb, a hobgoblin and a goblin.

Vanquished Creatures
  Jessica (D:2)
  An adder (D:2)
  An ooze (D:1)
  A ball python (D:1)
  5 bats
  A giant cockroach (D:1)
  6 hobgoblins
  A kobold (D:1)
  2 giant newts (D:1)
  4 goblins
  3 jackals (D:1)
  8 rats
34 creatures vanquished.

Notes
Turn   | Place    | Note
--------------------------------------------------------------
     0 | D:1      | JudasIscariot the Demonspawn Fighter began the quest for the Orb.
     0 | D:1      | Reached XP level 1. HP: 18/18 MP: 1/1
   137 | D:1      | Gained mutation: You have sharp toenails. [demonic ancestry]
   137 | D:1      | Reached XP level 2. HP: 20/24 MP: 2/2
   656 | D:1      | Gained mutation: When hurt, damage is shared between your health and your magic reserves. [demonic ancestry]
   656 | D:1      | Reached XP level 3. HP: 29/29 MP: 3/3
   683 | D:2      | Found a snail-covered altar of Cheibriados.
   930 | D:2      | Noticed Jessica
   954 | D:2      | Killed Jessica
   954 | D:2      | Gained mutation: You regenerate magic rapidly. [demonic ancestry]
   954 | D:2      | Reached XP level 4. HP: 19/36 MP: 2/4
   962 | D:2      | Noticed Ijyb
   976 | D:2      | Succumbed to Ijyb's poison

Action                   |  1- 3 |  4- 6 || total
-------------------------+-------+-------++-------
Melee: Flail             |    96 |    10 ||   106
  Use: Potion            |     2 |       ||     2
